Map: King Sejong Station LE

Players

Fropez

  • Race: Protoss Protoss
  • League: Gold
  • Spawn Location: 5:00

ServiPoena - Winner!

  • Race: Zerg Zerg
  • League: Gold
  • Spawn Location: 11:00

VOD

Have the link to the VOD?

Description

Time

  • Played on: Sept. 26, 2016, 5:10 p.m.
  • Length: 9:52
Show
View Real Time Build Order
Export as new Build Order

Fropez Protoss 

Build Orders:  

Get SALT Encoding   

  12  0:02  Probe (Chrono Boost)  
  13  0:13  Probe (Chrono Boost)  
  14  0:23  Probe (Chrono Boost)  
  14  0:27  Pylon  
  15  0:44  Pylon  
  15  0:45  Probe (Chrono Boost)  
  15  0:47  Gateway  
  16  0:52  Assimilator  
  16  0:56  Probe (Chrono Boost)  
  17  1:06  Probe (Chrono Boost)  
  17  1:09  Assimilator  
  18  1:14  Pylon  
  18  1:17  Probe (Chrono Boost)  
  19  1:27  Gateway  
  19  1:28  Probe (Chrono Boost)  
  20  1:38  Cybernetics Core  
  20  1:39  Probe (Chrono Boost)  
  21  1:46  Cybernetics Core  
  21  1:52  Gateway  
  22  1:54  Probe (Chrono Boost)  
  22  2:05  Probe (Chrono Boost)  
  23  2:23  Twilight Council  
  23  2:24  Warp Gate (Chrono Boost)  
  23  2:26  Mothership Core (Chrono Boost)  
  23  2:27  Adept  
  27  2:39  Adept  
  27  2:44  Probe (Chrono Boost)  
  30  2:54  Adept  
  30  2:55  Probe  
  33  3:04  Resonating Glaives (Chrono Boost)  
  32  3:08  Probe  
  33  3:15  Robotics Facility  
  33  3:20  Probe  
  33  3:22  Adept  
  33  3:25  Adept  
  36  3:49  Adept  
  38  4:01  Pylon  
  38  4:06  Pylon  
  38  4:21  Probe  
  38  4:22  Immortal (Chrono Boost)  
  41  4:42  Probe  
  42  4:56  Adept x2  
  46  5:03  Pylon  
  46  5:09  Pylon  
  46  5:22  Immortal (Chrono Boost)  
  46  5:23  Nexus  
  46  5:26  Pylon  
  50  5:28  Pylon  
  50  5:34  Probe  
  51  5:39  Adept x2  
  55  5:59  Gateway  
  55  6:03  Gateway  
  55  6:04  Gateway  
  55  6:14  Assimilator  
  56  6:18  Adept x2, Assimilator  
  63  6:26  Probe, Immortal (Chrono Boost)  
  64  6:39  Nexus  
  64  6:41  Probe  
  65  6:53  Probe  
  66  7:01  Adept x4  
  74  7:44  Adept  
  74  7:45  Adept  
  74  7:48  Pylon  
  74  7:50  Pylon  
  78  7:59  Warp Prism (Chrono Boost)  
  80  8:29  Stalker x2  
  80  8:30  Immortal (Chrono Boost), Stalker  
  90  8:37  Pylon  
  86  8:55  Stalker x2  
  84  9:11  Probe  
  84  9:13  Probe (Chrono Boost)  
  83  9:25  Mothership Core (Chrono Boost)  
  83  9:28  Stalker  
  87  9:40  Probe (Chrono Boost)  
Show
View Real Time Build Order
Export as new Build Order

ServiPoena Zerg - Winner!

Build Orders: Pool First, Muta Ling Bane 

Get SALT Encoding   

  12  0:02  Drone  
  13  0:08  Drone  
  14  0:17  Overlord  
  14  0:36  Spawning Pool  
  14  0:37  Drone  
  14  0:41  Drone  
  15  0:46  Drone  
  16  0:52  Drone  
  17  0:59  Drone  
  18  1:05  Extractor  
  17  1:19  Hatchery  
  17  1:20  Drone  
  17  1:25  Drone  
  18  1:33  Queen  
  18  1:38  Drone  
  21  1:42  Drone  
  22  1:56  Overlord  
  22  2:06  Overlord  
  22  2:10  Metabolic Boost  
  22  2:16  Queen  
  22  2:18  Zergling x2  
  25  2:30  Zergling x2  
  25  2:34  Queen  
  25  2:35  Drone  
  29  2:40  Zergling x2  
  30  2:47  Zergling x2  
  31  2:55  Zergling x2, Drone  
  33  3:11  Zergling x2  
  33  3:12  Zergling x4  
  36  3:18  Zergling x2  
  36  3:19  Zergling x6  
  40  3:28  Drone  
  40  3:31  Drone  
  40  3:33  Hatchery  
  40  3:38  Zergling x4  
  42  3:46  Lair  
  42  3:52  Zergling x2, Drone  
  42  3:54  Overlord  
  44  4:01  Baneling Nest  
  41  4:18  Zergling x6, Drone x3  
  47  4:34  Extractor  
  47  4:35  Extractor  
  47  4:36  Drone x2  
  46  4:49  Drone  
  46  4:50  Drone x2  
  44  5:02  Spire  
  44  5:03  Extractor  
  42  5:08  Spore Crawler  
  42  5:14  Drone x8  
  49  5:26  Evolution Chamber  
  48  5:29  Spine Crawler  
  48  5:31  Overlord, Drone  
  47  5:51  Drone  
  47  5:52  Drone x8  
  56  6:11  Spine Crawler  
  56  6:13  Extractor  
  56  6:16  Zerg Flyer Weapons Level 1  
  56  6:17  Extractor  
  53  6:19  Mutalisk x2, Drone  
  58  6:27  Baneling x3  
  58  6:28  Mutalisk  
  58  6:31  Mutalisk  
  62  6:34  Mutalisk  
  62  6:38  Mutalisk  
  66  6:48  Overlord  
  66  6:49  Overlord  
  66  6:51  Overlord  
  66  7:08  Drone  
  66  7:09  Drone x8  
  75  7:17  Mutalisk  
  75  7:18  Mutalisk  
  75  7:21  Mutalisk  
  81  7:23  Drone  
  81  7:26  Mutalisk  
  84  7:31  Mutalisk  
  86  7:48  Queen x2  
  86  7:51  Overlord  
  90  8:05  Overlord x4  
  90  8:09  Queen, Baneling x5  
  90  8:10  Baneling x3  
  92  8:16  Mutalisk  
  94  8:29  Centrifical Hooks  
  94  8:40  Mutalisk x2  
  94  8:41  Mutalisk x2, Drone x3  
  103  8:57  Mutalisk x5  
  103  8:58  Mutalisk  
  115  9:33  Overlord x2  
  115  9:34  Overlord x2  
Tags
 
Composition
Muta Ling Bane
League
GoldGold
Matchup
PvZ
Opening
Pool First
Replay Pack
All Mines
Spawn Locations
Cross Positions
Add a new tag
Caveats
  • Supply blocks, unpowered buildings, or Contaminate may cause inaccurate times.
  • Supply counts are checked every 10 seconds.